[Event "Lake Sevan"]
[Site "Martuni"]
[Date "2016.07.21"]
[Round "4"]
[White "Sevian, Samuel"]
[Black "Onischuk, Vladimir"]
[Result "1-0"]
[ECO "B07"]
[WhiteElo "2595"]
[BlackElo "2615"]
[Annotator "Baldauf,M"]
[PlyCount "51"]
[EventDate "2016.07.18"]
[EventType "tourn"]
[EventRounds "9"]
[EventCountry "ARM"]
[EventCategory "16"]
[SourceTitle "CBM 174"]
[Source "ChessBase"]
[SourceDate "2016.09.13"]
[SourceVersion "1"]
[SourceVersionDate "2016.09.13"]
[SourceQuality "1"]
[TimeControl "6000+1450"]
[WhiteClock "0:07:12"]
[BlackClock "0:00:58"]

1. e4 d6 2. d4 Nf6 3. Nc3 g6 4. Be3 c6 5. Qd2 Nbd7 6. Nf3 e5 {sieht bereits
etwas krum aus} (6... Bg7) 7. Bc4 h6 (7... Bg7 8. dxe5 dxe5 9. Qd6 $5 (9. Bxf7+
$2 Kxf7 10. Ng5+ Ke7 11. O-O-O Qc7) 9... Bf8 10. Qd3 Bg7 $140 (10... Be7 $142
$14) 11. Bxf7+ $1 Kxf7 12. Ng5+ Ke7 13. O-O-O Qc7 14. Qc4 $18 )
8. O-O (8. h3 {lenkt die Partie in ruhigere Gewässer}) 8... Ng4 $5 {Schwarz
vernachlässigt seine Entwicklung aufs Gröbste und betteln nahezu darum.
Positiv gewendet muss Weiß nun allerdings konkret etwas unternehmen, da das
schwarze Spiel nur mit massiven Maßnahmen zu bestrafen sein sollte.} 9. h3 Nxe3
10. fxe3 Qe7 {Diagramm [#]} 11. Nxe5 $5 {Sevian nimmt den Fehdehandschuh auf -
er opfert eine Leichtigur für zwei Bauern, wobei in der entstehenden Stellung
nicht ganz klar ist, ob die Kompensation ausreicht.} (11. Nh2 Rh7 12. Rf2 Nb6
13. Bb3 Bd7 14. Raf1 f5 15. exf5 $13) 11... dxe5 12. Rxf7 Qg5 $1 (12... Qxf7
13. Bxf7+ Kxf7 14. Rf1+ Kg7 15. dxe5 $36) 13. Qf2 Be7 14. g3 (14. d5 Rf8 15. d6
Bf6 {und Schwarz behauptet sich}) 14... Rf8 $6 (14... h5 $1 15. h4 Qh6 {
die Dame steht hier wesentlich sicherer, nimmt zudem noch Einfluss auf das
Feld f8. Dies macht den Unterschied, da Schwarz nach folgendem Tf8 immer mit
der Dame auf f8 zurücknehmen kann und somit der Sd7 nicht an die Verteidigung
gebunden ist.} 16. Rf1 (16. Rd1 Rf8 17. dxe5) 16... Rf8 $13) 15. h4 Qg4 16. Rd1
{die Stellung ist nun bereits schwierig für Schwarz, da das natürliche ...Sb6
scheitert.} Rxf7 $2 (16... Kd8 17. Rxf8+ Nxf8 18. Be2 Qe6 19. d5 $44) (16...
Nb6 17. Rxf8+ Bxf8 18. Qf7+ Kd8 19. Qxf8+ $18) (16... exd4 $5 17. exd4 Rxf7 (
17... Kd8 18. Rxf8+ Bxf8 19. e5 $44) 18. Qxf7+ Kd8 19. Rd3 $1 (19. Kh2 $2 Nf6)
19... Nf8 20. d5 $36) 17. Qxf7+ Kd8 18. Kh2 exd4 {Diagramm [#]} (18... Bxh4 19.
gxh4 Qxh4+ 20. Kg2 Qg4+ 21. Kf2 Qh4+ 22. Ke2 Qh2+ 23. Qf2 $14) 19. Be6 $1 {
ein schöner Zwischenzug, der die schwarze Koordination völlig durcheinander
bringt.} (19. exd4 Nf6 ) 19... Qh5 20. exd4 Nf6 21. d5 {jetzt
schlägt der weiße Angriff durch} cxd5 22. Nxd5 Qe2+ 23. Kh3 Bxe6+ 24. Qxe6 Nxd5
25. Rxd5+ Ke8 26. Qxg6+ 1-0

[Event "Tata Steel-A 80th"]
[Site "Wijk aan Zee"]
[Date "2018.01.24"]
[Round "10"]
[White "Hou, Yifan"]
[Black "Adhiban, Baskaran"]
[Result "1/2-1/2"]
[ECO "B07"]
[WhiteElo "2680"]
[BlackElo "2655"]
[Annotator "Fernandez,D"]
[PlyCount "204"]
[EventDate "2018.01.13"]
[EventType "tourn"]
[EventRounds "13"]
[EventCountry "NED"]
[EventCategory "20"]
[SourceTitle "CBM 183"]
[Source "ChessBase"]
[SourceDate "2018.03.14"]
[SourceVersion "1"]
[SourceVersionDate "2018.03.14"]
[SourceQuality "1"]
[TimeControl "40/6000+30:20/3000+30:900+30"]

1. d4 Nf6 2. Nf3 d6 3. g3 g6 4. Bg2 Bg7 5. O-O O-O 6. Re1 {
[%emt 0:00:12] White opts to play that rare creature, the Fianchetto KID
without c4. There can be nothing really wrong with it but the game now
resembles something more like a Philidor with a slightly strange fianchetto
for White.} Nbd7 7. e4 e5 8.
Nc3 c6 9. a4 Re8 (9... a5 10. h3 Re8 11. Be3 exd4 12. Bxd4 Rb8 13. Re2 Qc7 14. Qe1 Ne5
15. Nd2 $11 {Lobron,E-Gelfand,B Biel 1993}) 10. h3 Qc7 11. Be3 b6 12. Qd2 Bb7 13. Rad1 Rad8 $11 {[%emt 0:00:22]
So, both sides have completed development and it is up to White what she wants
to do about ...d5, which may be coming soon. It is perhaps not so strange that
the play vaguely resembles some of the Breyer sidelines examined yesterday in
the notes to Anand-Carlsen.} 14. Bg5 (14. Bh6 a6 15. Bxg7 Kxg7
{is no panacea for White, who must still worry about slow play: ...h6, ...b5, .
..Qb6, maybe eventually ...c5.}) 14... a6 15. h4 b5 16. axb5 axb5 17. b3 (17. h5 $5 {initiates some bizarre complications. For
instance:} exd4 18. Nxd4 b4 19. Na2 Ne5 $13) 17... Qb8 18.
dxe5 (18. h5 {is again worth at least calculating, though
Black has a bail-out option in ...h6 intending ...Nxh5.}) 18... dxe5 19. Bh3 Nf8 20. Qe3 Rxd1 21. Rxd1 Bc8 22. Bxc8 Rxc8 {[%emt 0:01:14] This is now a fully believable Breyer Ruy
Lopez, except the pawn at c2, which should be on c4.} 23. Bxf6 Bxf6 24. Na2 Ne6 25. Nb4 {
[%emt 0:00:40] As a firm believer in the knight, it was interesting to watch
this game and see how convincing or otherwise the 'bad' dark-square bishop was
against it. ('bad' is in quotes because I do know a thing or two about the
KID!)} Be7 26. Nd3 f6 27. h5 g5 $6 (27... Kf7 $11 {was maybe better, not
making too many pawn weaknesses.}) 28. b4 Rd8 (28... Rc7 29. Ndxe5 $13 {is messy, but could have been Black's best.}) 29. Ra1 Rd7 30. Nh2 Nd4 31. Ra2 (31. Qd2 $5 {tries to arrange a queen lift to a2.
} Ra7 {causes a cascade of tactical issues, beginning} 32. Rxa7 Qxa7 33. c3 $14
) 31... Ra7 32. Rb2 Ra3 33.
Qd2 Qa8 (33... c5 $132 {is a better 'human'
move, trying to get the queen to c6.} 34. Nxc5 Qe8 {and White is having to
defend on a number of fronts.}) 34. c3 Ne6 $2 35. Ne1 $6 (35. Nxe5 fxe5 36. Qd7 Kf7 37. Ng4 $16 {is winning
after some convoluted tactical lines!}) (35. Ng4 $14 {is safe and 'normal'.})
35... Ra1 36. Kf1 $2 (36. Kg2 {is still good
for the knights. For instance:} c5 37. Nc2 $1 (37. Qd5 $6 Qxd5 38. exd5 Nc7 $15
) 37... Ra6 38. Qe2 $14) 36... c5 37. f3 cxb4 38. cxb4 Nd4 (38... Qa3 {
is almost winning, e.g.} 39. Kf2 Bd8 $17 (39... Rd1 $5)) 39. Kg2 Qa3 {[%emt 0:02:04] By contrast with the last note, now Black lacks the
tempo to play ...Rxe1 against Kg2.} 40. Nd3 Qa4 41. Nc1 Qa3 42. Ne2 Bxb4 {[%emt 0:21:22] There is nothing better than cashing in. In what follows,
I have made brief notes rather than giving variations, knowing that better
analysts than myself will pick apart the endgame.} 43. Qxb4 Qxb4 44. Rxb4 Ra2 45. Ng4 Kg7 46. Kf1 Nxe2 47. Rxb5 Nxg3+ 48. Kg1 {[%emt 0:00:04]
And so we reach an unpleasant endgame for White, but still one that is
probably technically drawn.} Ne2+ 49. Kf1 Ng3+ 50. Kg1 Nxh5 51. Rb7+ Kg6 52. Rb6 Kg7 53. Rb7+ Kg6 54. Rb6 Ra5 55. Kf2 {[%emt 0:00:07] Black lacks moves here- all his
pieces are tied down to their present positions. A pawn sacrifice will become
necessary.} Kg7 56. Rb7+ Kg6 57. Rb6 Rc5 58. Ra6 Kg7 59. Ra7+ Kg6 60. Ra6 Rc2+ 61. Kg1 Kg7 62. Ra7+ Kg6 63. Ra6 Rc7 {[%emt 0:02:27] Ultimately this had to be done, but the pressure on f6 is
not relieved.} 64. Nxe5+ Kg7 65. Ng4 Rf7 66. Ne3 Nf4 67. Nf5+ Kg6 68. Ra8 h5 69. Rg8+ Kh7 70. Rd8 h4 71. Rd6 Kg6 72. Ne3 Re7 73. Kf2 Nh3+ (73... Rb7 $5 74. Ng4 Rb2+ 75. Kf1 Nh5 $15 {was another
try, but probably not one that deserves to succeed.}) 74. Kf1 Nf4 75. Kf2 Re6 76. Rd7 Ra6 77. Nf5 Ra2+ 78. Kg1 Ne2+ (78... Nh3+ 79. Kh1 Nf2+
80. Kg1 g4 $15 {kept the game a bit more lively, but is unlikely to ultimately
lead to more than rook and knight vs rook.}) 79. Kh1 Ng3+ 80. Nxg3 hxg3 81. Rd6 $1 Kf7 (81... g4 82. e5 $1 $11) 82. Rd5 Re2 83. Kg1 Kg7 84.
Rf5 $1 {[%emt 0:00:19] Against this construction there is not a lot that can
be done.} Kg6 85. Kf1 Ra2 86. Kg1 Rf2 87. Kh1 Re2 (87... g4 88. fxg4 $11) 88. Kg1 Kf7 (88... g4 89. Rf4 $1 $11) 89. f4 gxf4 90. Rxf4 Ke6 91. Rg4 Re3 92. Rf4 Ke5 93. Rf5+ Ke6 94. Rf4 Re2 95. Rg4 Ke5 96. Rxg3 Kxe4 97. Ra3 f5 98. Kf1 Re3 99. Ra5 Rb3 100. Kf2 Rb2+ 101. Kf1 f4 102. Ra3 Rc2 {Black didn't bother
disrespecting his opponent by forcing her to demonstrate the need to play Ra8
only after ...f3.} 1/2-1/2

[Event "FRA-ch 58 Championnat"]
[Site "Belfort"]
[Date "1983.08.15"]
[Round "4"]
[White "Seret, Jean Luc"]
[Black "Bernard, Christophe"]
[Result "1-0"]
[ECO "B07"]
[WhiteElo "2375"]
[BlackElo "2335"]
[Annotator "Primel,D"]
[PlyCount "49"]
[EventDate "1983.08.12"]
[EventType "tourn"]
[EventRounds "15"]
[EventCountry "FRA"]
[EventCategory "2"]
[SourceTitle "EXT 2016"]
[Source "ChessBase"]
[SourceDate "2015.10.08"]
[SourceVersion "1"]
[SourceVersionDate "2015.10.08"]
[SourceQuality "1"]
[TimeControl "40/9000:16/5400:0"]

1. e4 d6 2. g3 Nf6 3. Bg2 g6 4. d4 Bg7 5. Ne2 O-O 6. O-O e5 7. Nbc3 exd4 $6 {
peu joué} (7... Nc6 8. dxe5 dxe5 9. Bg5 Be6 10. Nd5 Bxd5 11. exd5 Ne7 12. c4 h6
13. Bd2 Nf5 14. Bc3 Re8) (7... c6 8. a4 a5) (7... Bg4 8. h3 exd4 $1 {SERET} 9.
Qxd4 Bxe2 10. Nxe2 Re8 11. e5 Rxe5 12. Bxb7 Nbd7 13. Bxa8 Qxa8 14. Be3 Re8 $132 ) 8. Nxd4 Re8 9. h3 Nbd7 10. Re1 c6 11. Bf4 Ne5 12. Qc1 a5
13. a4 Qc7 14. Bh6 Bxh6 15. Qxh6 Qb6 16. Nce2 (16. Nb3 Be6 $132) 16... Bd7 17.
b3 c5 $2 18. Nf5 $1 Bxf5 19. exf5 d5 20. g4 $1 Qd6
21. Nc3 (21. g5 Ne4 22. Rad1 Qf8) 21... Rad8 $2 (21... d4 22. Nb5 Qd7) 22. g5
Ne4 $4 (22... Nh5 23. Nxd5 Nc6 24. Rxe8+ (24. Nf6+) 24... Rxe8 25. c3 (25. f6))
23. Rxe4 $1 dxe4 24. Nxe4 Nf3+ 25. Bxf3 1-0

[Event "Sautron op 15th"]
[Site "Sautron"]
[Date "2015.10.24"]
[Round "6.1"]
[White "Libiszewski, Fabien"]
[Black "Zubarev, Alexander2"]
[Result "1/2-1/2"]
[ECO "B07"]
[WhiteElo "2523"]
[BlackElo "2542"]
[Annotator "RR"]
[PlyCount "52"]
[EventDate "2015.10.24"]
[EventType "swiss"]
[EventRounds "9"]
[EventCountry "FRA"]
[SourceTitle "CBM 169 Extra"]
[Source "ChessBase"]
[SourceDate "2015.12.18"]
[SourceVersion "1"]
[SourceVersionDate "2015.12.18"]
[SourceQuality "1"]
[TimeControl "40/5400+30:1800+30"]
[WhiteClock "0:07:20"]
[BlackClock "0:00:47"]

1. e4 d6 2. d4 Nf6 3. Nc3 g6 4. Be3 c6 5. h3 Qa5 {[%emt 0:05:06] Une ligne
secondaire} (5... Bg7) (5... Nbd7) 6. Qd2 (6. Bd3 e5 7. Nf3
Nbd7 8. O-O Bg7 9. Qd2 O-O 10. Rad1 Re8 11. Rfe1 Qc7 12. a4 exd4 13. Bxd4 Ne5
14. Be2 Be6 15. Ng5 h6 16. Nxe6 fxe6 17. f4 Nf7 18. Be3 Rad8 19. Bd3 e5 20.
fxe5 dxe5 21. Qf2 b6 22. Bc4 Kh7 23. a5 bxa5 24. Rxd8 Rxd8 25. Bxa7 Qe7 26. Bc5
Nd6 27. Bd3 Nh5 28. Ne2 Rf8 29. Qe3 Nf4 30. Rf1 Qf6 31. Kh1 Qe6 32. Nxf4 exf4
33. Rxf4 Rxf4 34. Qxf4 Nf7 35. b3 Ne5 {Fressinet,L (2702)-Onischuk,V (2612)
Bastia 2015 1/2-1/2}) 6... Nbd7 7. f4 (7. Nf3
Bg7 8. Bd3 (8. a4)) 7... b5 8. Bd3 b4 9. Nce2 (9. Nd1 c5 10. Nf2 {
Areshchenko,A (2625)-Zimmerman,Y (2375) Monarch Assurance 14th 2005 (2) 1/2})
9... c5 10. e5 $146 (10. c3 Bb7 11. d5 bxc3
12. Nxc3 Bg7 13. Nf3 O-O 14. O-O Kh8 15. Rae1 e6 16. dxe6 fxe6 17. Ng5 Rae8 18.
Bb5 Qc7 19. e5 dxe5 20. fxe5 Nd5 21. Rxf8+ Bxf8 22. Nxe6 Rxe6 23. Nxd5 Qxe5 24.
Bxd7 Rd6 25. Qf2 Qg7 26. Bxc5 Rxd5 27. Re8 {1-0 (27) Grigoriants,S (2443)
-Panarin,M (2413) Vladimir 2002}) 10... cxd4 11. Nxd4 dxe5 12. Nc6 Qc7 13. Nxe5 Bg7 (13... Nxe5 14. fxe5 Qxe5
15. Nf3 Qg3+) 14. Ngf3 O-O 15. Bd4 Nc5 16. Bc4 Nce4 $1 17. Qxb4 Rb8 18. Qa3 Nd6 19. Bb3 a5 20. Qc5 Qxc5 21. Bxc5 Nfe4 $1 22. Ba3 Bh6 23. O-O Bxf4 24. Rfe1 (24. Rae1) 24... Bb7 25. Nd7 Bg3 26. Nxb8 Bf2+ 1/2-1/2

[Event "Sautron op 15th"]
[Site "Sautron"]
[Date "2015.10.24"]
[Round "9.2"]
[White "Lejarre, Ludovic"]
[Black "Le Roux, Jean Pierre"]
[Result "0-1"]
[ECO "B07"]
[WhiteElo "2342"]
[BlackElo "2572"]
[Annotator "RR"]
[PlyCount "46"]
[EventDate "2015.10.24"]
[EventType "swiss"]
[EventRounds "9"]
[EventCountry "FRA"]
[SourceTitle "CBM 169 Extra"]
[Source "ChessBase"]
[SourceDate "2015.12.18"]
[SourceVersion "1"]
[SourceVersionDate "2015.12.18"]
[SourceQuality "1"]
[TimeControl "40/5400+30:1800+30"]
[WhiteClock "0:01:53"]
[BlackClock "0:08:29"]

1. e4 g6 2. d4 Bg7 3. Nc3 d6 4. Bc4 Nf6 5. Qe2 Nc6 6. e5 {[%emt 0:
15:25] Une première hésitation des Blancs mais la position est pourtant
connue} (6. Nf3 {L'alternative}) 6... Ng4 7. e6 (7. Bb5 O-O 8. Bxc6 bxc6 9. h3 Nh6 10. Nf3 c5 (10... Rb8))
7... Nxd4 (7... f5 8. d5 Na5 9. h3 {Hoffmann,M (2425)-Jansa,V
(2455) Muenster 1992 (5) 1/2}) 8. exf7+ {[%emt 0:17:11] La position est tendue
et les deux adversaires sont sortis de la préparation même si la position
est encore théorique} (8. Qxg4 Nxc2+ 9. Kd1 f5 10. Bb5+ c6 11. Qa4 Nd4 12. Nf3
cxb5 13. Nxb5 Nxf3 14. Nc7+ Kf8 15. Nxa8 Nd4 16. Qxa7 Bxe6 17. Be3 Nb5 18. Qxb7
Qa5 19. Nb6 Bxb2 20. Ke2 Qb4 21. Rac1 Nc3+ 22. Kd3 Qb5+ 23. Kc2 Qe2+ 24. Bd2
Bxc1 25. Rxc1 Ne4 26. Rd1 Kf7 27. f3 Nc5 28. Qa7 Qxg2 29. Re1 Qxf3 30. Bc3 Re8
31. Qa5 Rb8 32. Qb4 Nd3 33. Qd4 Nxe1+ 34. Bxe1 Qc6+ 35. Bc3 Qxb6 {0-1 (35)
Kotz,H (2345)-Kilgus,G (2428) Austria 2014}) 8... Kf8 9. Qd1 Bf5 10. Bd3 (10. Bb3 Nxb3 11. axb3 Kxf7 12. Nf3 Rf8 13. O-O Kg8
$11) 10... Qd7 11. Be3 $146 (11. Nge2 Bxd3
12. cxd3 Nxe2 13. Qxe2 Kxf7 14. O-O Ne5 15. d4 Nc6 16. Be3 Rhe8 17. Qc4+ Kf8
18. f4 e6 19. d5 Ne7 20. dxe6 Qc6 21. Qb3 d5 22. f5 gxf5 23. Bg5 Bxc3 24. bxc3
Qb6+ 25. Qxb6 axb6 26. g4 Ra4 27. Bh6+ Kg8 28. gxf5 Rh4 29. f6 {1-0 (29) Horak,
M (2300)-Pick,S (2240) Czechia 2005}) 11... Qe6 $1 12. Nge2 Nxe3 13. fxe3 Qxe3 $17 14. Nd5 Qe5 15. Nxc7 $2 {[%emt 0:02:11] La position Blanche était
déjà critique avec un K bloqué au centre mais après ce coup, le rennais
perd du matériel} Qa5+ 16. c3 Nxe2 17. Nxa8 Nxc3 $1 $19 18. Qd2 Qe5+ 19. Kf1 Qd4 20. bxc3 Bxd3+ 21. Ke1 Qc4 22. Rc1 Kxf7 23. Nc7 Rc8 0-1

[Event "Sautron op 15th"]
[Site "Sautron"]
[Date "2015.10.24"]
[Round "8.1"]
[White "Duboue, Peio"]
[Black "Zubarev, Alexander2"]
[Result "0-1"]
[ECO "B07"]
[WhiteElo "2368"]
[BlackElo "2542"]
[Annotator "RR"]
[PlyCount "106"]
[EventDate "2015.10.24"]
[EventType "swiss"]
[EventRounds "9"]
[EventCountry "FRA"]
[SourceTitle "CBM 169 Extra"]
[Source "ChessBase"]
[SourceDate "2015.12.18"]
[SourceVersion "1"]
[SourceVersionDate "2015.12.18"]
[SourceQuality "1"]
[TimeControl "40/5400+30:1800+30"]
[WhiteClock "0:09:05"]
[BlackClock "0:10:52"]

1. e4 d6 2. d4 Nf6 3. Nc3 g6 4. f3 c6 5. a4 Nbd7 6. Bc4 $6 {
[%emt 0:01:30] Après la poussée c6, le Bc4 est assez mal placé} (6. Be3 $142
Bg7 7. Qd2 O-O) 6... Bg7 7. Nge2 O-O 8. Be3 d5 $1 (8... e5 9. Qd2)
9. Bb3 dxe4 10. fxe4 e5 11. d5 (11. h3 exd4 12. Bxd4 Qe7 13. Ng3 Nc5
14. Bxc5 Qxc5 15. Qd2 Qe5 16. Qf2 Be6 17. Bxe6 fxe6 18. O-O Nh5 {0-1 (18)
Airapetian,C (2180)-Burnett,R (2376) Stillwater 2007}) 11... Ng4 $1 {[%emt 0:
07:01][%csl Re1,Re3] Gagne un tempo important et le retard de développement
des Blancs devient critique} 12. Bg1 Qh4+ 13.
Ng3 Ndf6 $32 14. Qf3 Bh6 $1 {[%emt 0:33:37][%csl Re1] Après une longue réflexion, les
Noirs empêchent le ooo des Blancs} 15. h3 Bf4 $1 $40 16. Nce2 Nxe4 $1 17. hxg4 Bxg3+ 18. Nxg3 Qxg3+ 19. Qxg3 Nxg3 20. Rh3 Ne4 21. dxc6 bxc6 22. Re3 Nc5 23. Bc4 (23. Rxe5 Nxb3 24. cxb3 Bxg4) 23... Bxg4 24. Rg3 Be6 $1 25. Bxc5 Bxc4 26. Bxf8 Kxf8 27. Re3 f6 28. g4 Be6 29. g5 fxg5 30. Rxe5 Bf5 $13 {[%emt 0:00:06]
[%csl Gh7] La majorité Noire est trés forte mais tant qu'elle n'a pas
avancé, la qualité des Blancs doit donner assez de contre-jeu} 31. b4 (31. Rd1 Rb8) 31... h5 32. b5 g4 $15 33. bxc6 (33. Kf2 h4 34. Rh1
h3 35. bxc6 Rc8 36. Rc5 Be4 37. Rh2 (37. Re1 $2 h2)) 33... Rc8 34. Rc5 g3 35. Ke2 Ke7 36. Kf3 h4 37. Rh1 Rh8 38. Ra5 (38. Kf4 $2 g2) 38... Kd6 39. Rxa7 Be6 40. Rd1+ Kc5 41. Ra5+ {[%emt 0:18:36] Le contrôle de
temps est passé et les Blancs ont réfléchi longtemps sur cette position
pour trouver un plan} Kb6 {[%emt 0:01:16] une jolie manoeuvre du K Noir qui
contourne le P"c6"} 42. Rg5 $2 {[%emt 0:00:08] joué à tempo mais les Blancs
ont oublié Bf5} Rf8+ 43. Ke3 Bf5 $19 {
[%emt 0:01:29][%csl Rg5] Enfermant la R} 44. a5+ Kxc6 45. c4 Re8+ 46. Kf3 Re5 47. Rxf5 gxf5 48. a6 Ra5 49. Rh1 Ra3+ 50. Kg2 Ra2+ 51. Kh3 f4 52. a7 Rxa7 53. Rf1 Rg7 0-1

[Event "Sautron op 13th"]
[Site "Sautron"]
[Date "2013.11.02"]
[Round "9"]
[White "Kasparov, Sergey"]
[Black "Lejarre, Ludovic"]
[Result "1/2-1/2"]
[ECO "B07"]
[WhiteElo "2480"]
[BlackElo "2371"]
[Annotator "RR"]
[PlyCount "100"]
[EventDate "2013.10.26"]
[EventType "swiss"]
[EventRounds "9"]
[EventCountry "FRA"]
[SourceTitle "EXT 2016"]
[Source "ChessBase"]
[SourceDate "2015.10.08"]
[SourceVersion "1"]
[SourceVersionDate "2015.10.08"]
[SourceQuality "1"]
[TimeControl "6000+1640"]
[WhiteClock "0:16:48"]
[BlackClock "0:14:34"]

1. d4 Nf6 2. Nf3 g6 3. g3 Bg7 4. Bg2 O-O 5. O-O d6 6. Re1 (6. c4 {Aurait
transposé dans une Est-Indienne}) 6... Nbd7 7. e4 e5 8. Nc3 c6 9. a4 (9. h3 b5
) 9... Qc7 10. h3 b6 11. Be3 a6 (11... Bb7 12. Qd2 Rfe8 13. Rad1 Rad8 14. Bh6
a6 15. Bxg7 Kxg7 16. Qe3 b5 17. dxe5 dxe5 18. axb5 axb5 19. b3 h6 20. Rd2 b4
21. Na4 c5 22. Nh2 c4 23. bxc4 Qxc4 24. Qb3 Rc8 25. Qxc4 Rxc4 26. Nb2 Rc3 27.
Nd3 Nc5 28. Nxc5 Rxc5 29. f3 Rec8 30. Rb1 Rxc2 31. Rxc2 Rxc2 32. Rxb4 Ba6 33.
Bf1 Rc1 34. Kg2 Rc2+ 35. Kg1 Rc1 {1/2-1/2 (35) Karpov,A (2619)-Tkachiev,V 
(2642) Moscow 2009}) (11... Re8) 12. Qd2 Bb7 {La position Noire est un peu
passive mais aussi trés solide} 13. Bh6 b5 (13... Rfe8 14. Bxg7 Kxg7 15. Rad1
$14) 14. Bxg7 Kxg7 15. Rad1 Rfe8 16. Nh4 h6 (16... b4
17. Ne2 c5 18. d5 h6 19. c4) 17. f4 $146 (17. Kh2 Nf8 18. Ne2 Rad8 19. axb5
cxb5 20. Nc3 Rc8 21. Rc1 Qb6 22. dxe5 dxe5 23. Nd5 Qd6 24. Rcd1 Nxd5 25. exd5
Nd7 26. b3 b4 27. Re4 a5 28. Rg4 Kh7 29. Be4 Nf6 30. Rxg6 fxg6 31. Bxg6+ Kg8
32. Qxh6 Rc7 33. Nf5 Qc5 34. Rd2 Rf8 35. Qg5 Kh8 {1/2-1/2 (35) Fries Nielsen,J
(2444)-Gallagher,J (2540) Stockholm 2002}) 17... Rad8 18. Qf2 {Les Blancs ont
un bon avantage d'espace mais la position n'est pas facile à améliorer} exd4
$5 {Abandonne le centre mais profite du fait que les Blancs ont joué Qf2 au
coup précédent pour forcer l'échange des Q par Qb6} 19. Qxd4 Qb6 $11 20.
Qxb6 Nxb6 21. axb5 (21. a5 $5 Nc8 (21... Nc4 22. b3 Nxa5 23. Ra1) 22. g4 d5 23.
e5 Nd7 24. b4 $14 ) 21... axb5 22. e5 dxe5 23. fxe5 Nh5 24. Rxd8
Rxd8 25. e6 (25. Nxb5 cxb5 26. Bxb7 Nxg3 27. Kf2 Nh5 28. Nf3 $11) 25... Re8 (
25... fxe6 $6 26. Rxe6 ) 26. Nxb5 cxb5 27. Bxb7 Rxe6 28. Rxe6
fxe6 29. Kf2 Nc4 30. b3 Nd6 31. Bc6 Kf6 32. Nf3 e5 {(=)} (32... b4 33. Ne1 Ke5 $1 34. Nd3+ Kd4 35. Nxb4 Kc3 $132 ) 33. Nd2 Ke6 34. Nb1 b4 35. c3 bxc3 36. Nxc3 Nf6 37. b4 (37. Ke3
Nf5+) 37... Nf5 38. b5 Nd4 39. Bg2 Nd7 40. h4 Nb6 41.
Be4 g5 42. hxg5 {Après cet échange, la nulle est quasi forcée} hxg5 43. Bd3
g4 44. Ne4 Kd5 45. Nf6+ Kc5 46. Ke3 Nxb5 47. Nxg4 Nd6 48. Nxe5 Nd5+ 49. Ke2 Nf6
50. Bg6 Kd5 1/2-1/2